 Dungeon Crawl Stone Soup version 0.21.1-1-g345015fe64 (webtiles) character file.

65 Kohma the Poker (level 3, -1/27 HPs)
             Began as a Demonspawn Gladiator on June 25, 2018.
             Slain by a hobgoblin
             ... wielding a +0 club
             ... led by Robin
              (3 damage)
             ... on level 2 of the Dungeon.
             The game lasted 00:05:05 (1383 turns).

Kohma the Poker (Demonspawn Gladiator)              Turns: 1383, Time: 00:05:06

Health: -1/27      AC: 14    Str: 16 (17) XL:     3   Next: 92%
Magic:  3/3        EV:  7    Int:  7 (9)  God:
Gold:   111        SH:  0    Dex: 13 (14) Spells: 2/2 levels left

rFire    + . .     SeeInvis .   a - +0 trident
rCold    + + .     Gourm    .   (no shield)
rNeg     . . .     Faith    .   k - +0 chain mail (curse)
rPois    .         Spirit   .   m - +2 helmet
rElec    .         Reflect  .   o - scarf {rC+ rF+}
rCorr    .         Harm     .   (no gloves)
MR       .....                  p - +0 pair of boots
Stlth    ..........             (no amulet)
HPRegen  0.09/turn              (no ring)
MPRegen  0.08/turn              (no ring)

@: no status effects
A: thin metallic scales 1, blurry vision 1, cold resistance 1, strong 1
a: no special abilities


You were on level 2 of the Dungeon.
You were not hungry.

You visited 1 branch of the dungeon, and saw 3 of its levels.

You collected 111 gold pieces.

Inventory:

Hand Weapons
 a - a +0 trident (weapon)
 q - a +0 hunting sling
 r - a +0 hunting sling
Missiles
 d - 3 throwing nets (quivered)
 g - 67 sling bullets
Armour
 i - a +0 scale mail
 k - a cursed +0 chain mail (worn)
 m - a +2 helmet (worn)
 o - a scarf of resistance (worn)
 p - a +0 pair of boots (worn)
Jewellery
 t - a cursed ring of protection from magic {unknown}
Scrolls
 c - 2 scrolls of teleportation {unknown}
 e - 3 scrolls of identify {unknown}
 j - a scroll of blinking {unknown}
 n - a scroll of enchant weapon {unknown}
Potions
 b - a potion of curing {unknown}
 h - 2 potions of degeneration
 l - a potion of mutation
Comestibles
 f - a ration


   Skills:
 - Level 2.0 Fighting
 * Level 3.9 Polearms
 - Level 1.7 Throwing
 + Level 1.7 Armour
 - Level 2.6 Dodging


You had 2 spell levels left.
You didn't know any spells.

Dungeon Overview and Level Annotations

Branches:
Dungeon (3/15)

Altars:

Annotations:
D:3 Robin


Innate Abilities, Weirdness & Mutations

You are partially covered in thin metallic scales. (AC +2)
Your flesh is cold resistant. (rC+)
Scrolls take you a little longer to read.
Your muscles are strong. (Str +2)


Message History

a club; a dagger; a club; an adder skeleton The jackal completely misses you.
The goblin no longer looks unusually strong.
It was a potion of degeneration.
There was something very wrong with that liquid.
You feel weakened.
You feel dopey.
You feel clumsy.
The jackal bites you but does no damage.
It was a potion of mutation.
You feel extremely strange.
Your vision blurs.
You feel stronger.
The jackal bites you but does no damage.
The jackal closely misses you.
You hit the jackal.
The jackal is moderately wounded.
The jackal barely misses you.
You barely miss the jackal. The jackal barely misses you.
The jackal bites you but does no damage.
You puncture the jackal!
You kill the jackal!
You closely miss the hobgoblin. The hobgoblin hits you with a club.
You die...

# # ### # #######
####.# # .......####
#....# # #.....@gg#
#.##.# #
#.....##b###.##.#######
#..... #>..............
#..... #.b...##.#######
#..... #.##.###.# #
#..... #(##.....# #
##.... #.######## #....
#(# #........#


You could see a hobgoblin, a goblin and a bat.

Vanquished Creatures
  4 adders
  2 giant cockroaches
  8 goblins
  4 hobgoblins
  2 jackals
  A ball python (D:1)
  2 bats
  4 kobolds
27 creatures vanquished.

Notes
Turn   | Place    | Note
-------+----------+-------------------------------------------
     0 | D:1      | Kohma the Demonspawn Gladiator began the quest for the Orb.
     0 | D:1      | Reached XP level 1. HP: 16/16 MP: 1/1
   517 | D:1      | Reached skill level 3 in Polearms
   722 | D:2      | Gained mutation: Your flesh is cold resistant. (rC+) [demonic ancestry]
   722 | D:2      | Reached XP level 2. HP: 21/22 MP: 2/2
   741 | D:2      | Reached skill level 1 in Armour
  1053 | D:2      | Gained mutation: You are partially covered in thin metallic scales. (AC +2) [demonic ancestry]
  1053 | D:2      | Reached XP level 3. HP: 25/27 MP: 3/3
  1115 | D:2      | You fall through a shaft!
  1115 | D:3      | Noticed Robin
  1374 | D:2      | HP: 1/27 [jackal (2)]
  1379 | D:2      | Gained mutation: Scrolls take you a little longer to read. [potion of mutation]
  1379 | D:2      | Gained mutation: Your muscles are strong. (Str +2) [potion of mutation]
  1383 | D:2      | Slain by a hobgoblin

Skill      XL: |  1  2 |
---------------+-------+-----
Polearms       | 3 |  3.9
Armour         | 1 |  1.7
Fighting       | |  2.0
Throwing       | |  1.7
Dodging        | |  2.6

Action                   || total
-------------------------++-------
Melee: Trident           ||   116
  Use: Potion            ||     2
  Eat: Chunk             ||     2
Armor: Scale mail        ||    25
       Chain mail        ||    97
Dodge: Dodged            ||    90
